[ AOE2 MATCH · #478451313 ]
UnrankedBritons vs Magyars
[ REPLAY ANALYSIS · EXTRACTED FROM THE RECORDED GAME ]
Feudal
9:06
Castle
25:34
Imperial
—
| APM avg | 35.9 |
| APM peak | 90 |
| eAPM avg | 14.2 |
| Villagers / military | 114 / 61 |
Focus
⚔️ 27.1% · 🌾 72.9%
Archer ×51 · Spearman ×10
Feudal
9:59
Castle
24:29
Imperial
39:03
| APM avg | 47.8 |
| APM peak | 80 |
| eAPM avg | 26.2 |
| Villagers / military | 188 / 241 |
Focus
⚔️ 29.0% · 🌾 71.0%
Magyar Huszar ×112 · Cavalry Archer ×81 · Scout Cavalry ×22 · Trebuchet (Packed) ×10 · Knight ×7 · Archer ×5
Feudal
9:02
Castle
18:07
Imperial
36:02
| APM avg | 61.1 |
| APM peak | 109 |
| eAPM avg | 37.3 |
| Villagers / military | 157 / 316 |
Focus
⚔️ 27.3% · 🌾 72.7%
Woad Raider ×180 · Spearman ×133 · Scorpion ×3
Feudal
10:51
Castle
24:35
Imperial
45:58
| APM avg | 44.3 |
| APM peak | 96 |
| eAPM avg | 19.8 |
| Villagers / military | 192 / 148 |
Focus
⚔️ 31.3% · 🌾 68.7%
Boyar ×96 · Spearman ×32 · Scout Cavalry ×14 · Trebuchet (Packed) ×4 · Mangonel ×2
Feudal
8:30
Castle
22:09
Imperial
—
| APM avg | 37.3 |
| APM peak | 77 |
| eAPM avg | 16.0 |
| Villagers / military | 188 / 115 |
Focus
⚔️ 26.3% · 🌾 73.7%
Knight ×107 · Scout Cavalry ×8
Feudal
—
Castle
—
Imperial
—
| APM avg | 56.9 |
| APM peak | 111 |
| eAPM avg | 30.9 |
| Villagers / military | 189 / 94 |
Focus
⚔️ 37.8% · 🌾 62.2%
Scout Cavalry ×43 · Battle Elephant ×31 · Spearman ×17 · Knight ×3
Feudal
9:16
Castle
26:16
Imperial
41:26
| APM avg | 52.1 |
| APM peak | 118 |
| eAPM avg | 18.9 |
| Villagers / military | 150 / 42 |
Focus
⚔️ 30.5% · 🌾 69.5%
Unknown (1908) ×238 · Iron Pagoda ×21 · Scout Cavalry ×20 · Monk ×1
Feudal
11:43
Castle
23:12
Imperial
36:47
| APM avg | 22.5 |
| APM peak | 42 |
| eAPM avg | 14.8 |
| Villagers / military | 122 / 292 |
Focus
⚔️ 39.8% · 🌾 60.2%
Spearman ×222 · Scorpion ×36 · Battering Ram ×30 · Bombard Cannon ×3 · Monk ×1
Match map
Initial resources + every placement click. Lines = walls · curves = elevation contours. ◆ gold · ⬟ stone · ● berries · ✦ relic · ◌ wall gap
Your base· Open — 6t gap
Baby's base· Open — unwalled flank
飘雪's base· Open — unwalled flank
JJboom's base· Open — unwalled flank
sam666's base· ✓ Closed at 22:09 · 60t walls · 1 gate(s)
QvQ5681's base· ✓ Closed at 30:24 · 16t walls · 1 gate(s)
Elite Noob's base· Open — unwalled flank
83716497273's base· Open — 4t gap
Smoothed initial terrain · ◌ = detected wall gap · hover for details
Inputs per minute
— 橙 - - Baby
Build order — 橙
First 150 of 301 actions detected
| 0:00 | Create | Villager (Male) |
| 0:01 | Create | Villager (Male) |
| 0:01 | Create | Villager (Male) |
| 0:02 | Build | House |
| 0:03 | Build | House |
| 0:09 | Create | Villager (Male) |
| 1:18 | Create | Villager (Male) |
| 1:50 | Create | Villager (Male) |
| 2:03 | Create | Villager (Male) |
| 2:09 | Build | Lumber Camp |
| 2:36 | Create | Villager (Male) |
| 3:17 | Create | Villager (Male) |
| 3:41 | Create | Villager (Male) |
| 3:41 | Create | Villager (Male) |
| 4:08 | Create | Villager (Male) |
| 4:24 | Build | House |
| 4:30 | Create | Villager (Male) |
| 5:00 | Create | Villager (Male) |
| 5:43 | Build | Mining Camp |
| 5:54 | Create | Villager (Male) |
| 6:29 | Research | Loom |
| 6:56 | Research | Feudal Age |
| 7:23 | Build | Barracks |
| 8:33 | Build | Palisade Wall |
| 8:34 | Build | Palisade Wall |
| 8:41 | Create | Villager (Male) |
| 8:42 | Create | Villager (Male) |
| 8:53 | Build | House |
| 9:06 | Age | Feudal Age |
| 9:09 | Build | Archery Range |
| 9:32 | Build | Archery Range |
| 10:00 | Create | Villager (Male) |
| 10:00 | Create | Villager (Male) |
| 10:15 | Build | Mill |
| 10:17 | Create | Villager (Male) |
| 10:19 | Create | Archer |
| 10:20 | Create | Archer |
| 10:20 | Create | Archer |
| 10:30 | Create | Archer |
| 10:30 | Create | Archer |
| 10:43 | Create | Villager (Male) |
| 10:48 | Create | Archer |
| 10:49 | Create | Archer |
| 10:56 | Build | House |
| 11:06 | Build | House |
| 11:14 | Create | Villager (Male) |
| 11:27 | Create | Archer |
| 11:29 | Create | Villager (Male) |
| 11:41 | Create | Archer |
| 12:01 | Create | Archer |
| 12:07 | Create | Villager (Male) |
| 12:12 | Build | House |
| 12:13 | Build | House |
| 12:35 | Build | Blacksmith |
| 12:55 | Create | Archer |
| 12:55 | Create | Archer |
| 13:07 | Create | Archer |
| 13:07 | Create | Archer |
| 13:19 | Create | Villager (Male) |
| 13:27 | Research | Fletching |
| 13:40 | Create | Archer |
| 13:40 | Create | Archer |
| 13:46 | Create | Villager (Male) |
| 13:46 | Create | Villager (Male) |
| 13:52 | Build | Farm |
| 13:55 | Build | Farm |
| 14:09 | Build | House |
| 14:14 | Create | Archer |
| 14:30 | Create | Archer |
| 14:30 | Create | Archer |
| 14:53 | Create | Villager (Male) |
| 14:53 | Create | Villager (Male) |
| 14:56 | Build | House |
| 14:58 | Create | Archer |
| 14:58 | Create | Archer |
| 15:21 | Create | Villager (Male) |
| 15:39 | Create | Villager (Male) |
| 15:40 | Create | Archer |
| 15:40 | Create | Archer |
| 15:40 | Create | Archer |
| 15:40 | Create | Archer |
| 15:44 | Build | Mill |
| 15:45 | Build | Farm |
| 15:45 | Build | Farm |
| 15:46 | Build | Farm |
| 15:46 | Build | Farm |
| 16:06 | Create | Villager (Male) |
| 16:29 | Create | Archer |
| 16:29 | Create | Archer |
| 16:30 | Create | Villager (Male) |
| 16:48 | Create | Villager (Male) |
| 16:54 | Create | Archer |
| 16:54 | Create | Archer |
| 17:02 | Build | House |
| 17:11 | Build | House |
| 17:12 | Build | House |
| 17:28 | Build | Farm |
| 17:29 | Research | Double-Bit Axe |
| 17:29 | Research | Double-Bit Axe |
| 17:51 | Create | Archer |
| 17:51 | Create | Archer |
| 17:53 | Create | Archer |
| 17:56 | Build | Farm |
| 18:06 | Build | House |
| 18:34 | Create | Villager (Male) |
| 19:03 | Build | Farm |
| 19:04 | Research | Wheelbarrow |
| 19:05 | Create | Villager (Male) |
| 19:05 | Create | Villager (Male) |
| 19:10 | Build | Farm |
| 19:11 | Create | Archer |
| 19:12 | Create | Archer |
| 19:12 | Create | Archer |
| 19:12 | Create | Archer |
| 19:12 | Create | Archer |
| 19:20 | Build | Farm |
| 19:21 | Build | Farm |
| 19:39 | Create | Villager (Male) |
| 19:42 | Build | Farm |
| 19:44 | Build | Farm |
| 20:17 | Create | Villager (Male) |
| 20:25 | Build | Farm |
| 20:25 | Build | Farm |
| 20:25 | Build | Farm |
| 20:25 | Build | Farm |
| 20:26 | Build | Farm |
| 20:35 | Build | Palisade Wall |
| 20:56 | Research | Town Watch |
| 20:56 | Create | Villager (Male) |
| 20:57 | Create | Villager (Male) |
| 21:00 | Build | Farm |
| 22:04 | Build | Market |
| 22:54 | Research | Castle Age |
| 23:09 | Create | Archer |
| 23:09 | Create | Archer |
| 23:09 | Create | Archer |
| 23:10 | Create | Archer |
| 23:10 | Create | Archer |
| 23:10 | Create | Archer |
| 23:16 | Build | Archery Range |
| 23:42 | Build | Farm |
| 23:56 | Create | Villager (Male) |
| 24:10 | Create | Villager (Male) |
| 24:13 | Research | Horse Collar |
| 24:14 | Research | Horse Collar |
| 24:17 | Build | House |
| 24:27 | Build | House |
| 24:29 | Build | House |
| 24:37 | Build | House |
| 25:34 | Age | Castle Age |
Build order — Baby
First 150 of 532 actions detected
| 0:00 | Create | Villager (Male) |
| 0:02 | Build | House |
| 0:03 | Build | House |
| 0:12 | Create | Villager (Male) |
| 0:12 | Create | Villager (Male) |
| 0:39 | Create | Villager (Male) |
| 1:58 | Create | Villager (Male) |
| 2:05 | Create | Villager (Male) |
| 2:34 | Create | Villager (Male) |
| 3:07 | Create | Villager (Male) |
| 3:28 | Build | Lumber Camp |
| 3:37 | Create | Villager (Male) |
| 3:37 | Create | Villager (Male) |
| 3:37 | Create | Villager (Male) |
| 3:42 | Build | House |
| 3:44 | Create | Villager (Male) |
| 3:59 | Create | Villager (Male) |
| 5:32 | Create | Villager (Male) |
| 5:48 | Create | Villager (Male) |
| 5:56 | Build | House |
| 6:11 | Create | Villager (Male) |
| 6:38 | Build | Mill |
| 6:46 | Create | Villager (Male) |
| 6:51 | Research | Loom |
| 7:28 | Create | Villager (Male) |
| 7:43 | Research | Feudal Age |
| 8:18 | Create | Villager (Male) |
| 8:22 | Build | Barracks |
| 8:54 | Build | Lumber Camp |
| 9:59 | Age | Feudal Age |
| 10:00 | Build | Stable |
| 10:02 | Research | Double-Bit Axe |
| 10:08 | Create | Villager (Male) |
| 10:29 | Create | Spearman |
| 10:36 | Create | Villager (Male) |
| 10:53 | Build | Stable |
| 10:57 | Create | Scout Cavalry |
| 11:06 | Build | Farm |
| 11:07 | Research | Horse Collar |
| 11:11 | Build | Farm |
| 11:15 | Create | Villager (Male) |
| 11:19 | Build | Farm |
| 11:23 | Build | Farm |
| 11:36 | Build | Farm |
| 11:41 | Build | Farm |
| 11:57 | Build | Farm |
| 12:02 | Build | Farm |
| 12:14 | Build | Farm |
| 12:15 | Create | Scout Cavalry |
| 12:23 | Create | Villager (Male) |
| 12:46 | Build | Farm |
| 12:48 | Create | Scout Cavalry |
| 12:54 | Build | Farm |
| 13:01 | Create | Scout Cavalry |
| 13:25 | Create | Scout Cavalry |
| 13:30 | Create | Villager (Male) |
| 13:46 | Create | Scout Cavalry |
| 14:03 | Build | Farm |
| 14:04 | Create | Villager (Male) |
| 14:13 | Create | Scout Cavalry |
| 14:19 | Build | Blacksmith |
| 14:25 | Build | House |
| 14:28 | Create | Villager (Male) |
| 14:36 | Build | Farm |
| 14:55 | Create | Villager (Male) |
| 14:57 | Build | Farm |
| 15:12 | Create | Villager (Male) |
| 15:30 | Research | Scale Barding Armor |
| 15:32 | Create | Villager (Male) |
| 16:07 | Create | Scout Cavalry |
| 16:08 | Create | Scout Cavalry |
| 16:38 | Create | Villager (Male) |
| 16:57 | Create | Scout Cavalry |
| 16:58 | Create | Scout Cavalry |
| 17:03 | Create | Villager (Male) |
| 17:08 | Build | Farm |
| 17:12 | Build | Farm |
| 17:41 | Build | Farm |
| 17:43 | Build | Farm |
| 17:44 | Create | Villager (Male) |
| 17:45 | Build | Farm |
| 18:05 | Create | Spearman |
| 18:07 | Build | House |
| 18:15 | Build | Farm |
| 18:18 | Build | Stable |
| 18:19 | Create | Villager (Male) |
| 18:23 | Research | Wheelbarrow |
| 18:42 | Build | House |
| 19:24 | Create | Villager (Male) |
| 19:52 | Build | Mining Camp |
| 19:53 | Create | Villager (Male) |
| 20:30 | Research | Gold Mining |
| 20:32 | Create | Villager (Male) |
| 21:09 | Build | House |
| 21:16 | Build | House |
| 21:46 | Build | Farm |
| 21:49 | Research | Castle Age |
| 22:24 | Build | House |
| 22:25 | Build | House |
| 22:26 | Build | House |
| 22:48 | Create | Villager (Male) |
| 22:51 | Research | Fletching |
| 22:59 | Research | Bloodlines |
| 23:59 | Build | Stable |
| 24:29 | Age | Castle Age |
| 24:32 | Create | Knight |
| 24:33 | Research | Husbandry |
| 24:43 | Create | Knight |
| 24:52 | Create | Knight |
| 25:06 | Build | Monastery |
| 25:14 | Build | Town Center |
| 25:19 | Research | Heavy Plow |
| 25:20 | Research | Bow Saw |
| 25:38 | Build | Town Center |
| 25:42 | Research | Town Watch |
| 25:43 | Create | Villager (Male) |
| 25:50 | Create | Knight |
| 25:50 | Create | Knight |
| 25:58 | Research | Stone Mining |
| 26:02 | Research | Gold Shaft Mining |
| 26:12 | Create | Villager (Male) |
| 26:19 | Create | Knight |
| 26:31 | Research | Light Cavalry (upgrade) |
| 26:32 | Create | Scout Cavalry |
| 26:32 | Create | Scout Cavalry |
| 26:32 | Create | Scout Cavalry |
| 26:33 | Create | Scout Cavalry |
| 26:34 | Create | Villager (Male) |
| 27:03 | Create | Monk |
| 27:08 | Create | Villager (Male) |
| 27:16 | Create | Villager (Male) |
| 27:18 | Create | Villager (Male) |
| 27:19 | Create | Villager (Male) |
| 27:24 | Create | Scout Cavalry |
| 27:25 | Create | Scout Cavalry |
| 27:28 | Build | Farm |
| 27:29 | Create | Villager (Male) |
| 27:46 | Create | Villager (Male) |
| 27:50 | Create | Villager (Male) |
| 28:12 | Research | Chain Barding Armor |
| 28:14 | Create | Villager (Male) |
| 28:35 | Create | Villager (Male) |
| 28:38 | Create | Villager (Male) |
| 28:40 | Create | Villager (Male) |
| 28:50 | Build | Town Center |
| 28:54 | Create | Villager (Male) |
| 29:02 | Create | Scout Cavalry |
| 29:08 | Create | Scout Cavalry |
| 29:08 | Create | Knight |
| 29:20 | Create | Villager (Male) |
Build order — 飘雪
First 150 of 631 actions detected
| 0:01 | Create | Villager (Male) |
| 0:01 | Create | Villager (Male) |
| 0:02 | Build | House |
| 0:04 | Build | House |
| 0:17 | Create | Villager (Male) |
| 0:17 | Create | Villager (Male) |
| 1:05 | Build | Lumber Camp |
| 1:34 | Create | Villager (Male) |
| 1:34 | Create | Villager (Male) |
| 2:06 | Create | Villager (Male) |
| 2:11 | Build | House |
| 2:13 | Build | House |
| 2:31 | Build | House |
| 2:38 | Create | Villager (Male) |
| 2:54 | Create | Villager (Male) |
| 3:27 | Create | Villager (Male) |
| 3:27 | Create | Villager (Male) |
| 3:53 | Create | Villager (Male) |
| 4:06 | Create | Villager (Male) |
| 4:06 | Create | Villager (Male) |
| 4:27 | Build | House |
| 4:36 | Create | Villager (Male) |
| 4:42 | Create | Villager (Male) |
| 4:42 | Create | Villager (Male) |
| 4:42 | Create | Villager (Male) |
| 5:14 | Build | Mill |
| 5:35 | Create | Villager (Male) |
| 6:17 | Create | Villager (Male) |
| 6:52 | Research | Feudal Age |
| 7:29 | Create | Villager (Male) |
| 8:04 | Build | Barracks |
| 8:25 | Create | Villager (Male) |
| 8:31 | Create | Villager (Male) |
| 9:02 | Age | Feudal Age |
| 9:14 | Build | Blacksmith |
| 9:16 | Create | Spearman |
| 9:16 | Create | Spearman |
| 9:23 | Create | Villager (Male) |
| 9:36 | Build | Mining Camp |
| 9:41 | Create | Spearman |
| 9:46 | Create | Villager (Male) |
| 9:49 | Create | Villager (Male) |
| 10:00 | Build | House |
| 10:04 | Build | House |
| 10:05 | Build | House |
| 10:10 | Research | Loom |
| 10:35 | Build | House |
| 10:36 | Build | House |
| 10:38 | Create | Spearman |
| 10:38 | Create | Spearman |
| 10:52 | Create | Villager (Male) |
| 11:03 | Create | Villager (Male) |
| 11:13 | Create | Villager (Male) |
| 11:46 | Build | Farm |
| 11:50 | Build | Farm |
| 11:50 | Create | Villager (Male) |
| 11:54 | Create | Spearman |
| 11:56 | Build | House |
| 12:05 | Create | Villager (Male) |
| 12:09 | Build | Farm |
| 12:31 | Create | Spearman |
| 12:33 | Create | Villager (Male) |
| 12:35 | Build | Farm |
| 12:36 | Create | Villager (Male) |
| 13:06 | Build | Farm |
| 13:07 | Create | Villager (Male) |
| 13:14 | Create | Villager (Male) |
| 13:26 | Build | Farm |
| 13:44 | Create | Villager (Male) |
| 13:56 | Build | Market |
| 14:09 | Create | Villager (Male) |
| 14:14 | Build | Farm |
| 14:33 | Create | Villager (Male) |
| 14:42 | Build | Mining Camp |
| 15:02 | Create | Villager (Male) |
| 15:16 | Research | Castle Age |
| 16:45 | Build | Palisade Wall |
| 16:50 | Research | Horse Collar |
| 16:50 | Research | Horse Collar |
| 16:51 | Research | Double-Bit Axe |
| 17:00 | Create | Villager (Male) |
| 17:03 | Create | Spearman |
| 17:09 | Build | Palisade Wall |
| 17:11 | Build | Palisade Wall |
| 17:13 | Build | Palisade Wall |
| 17:17 | Build | House |
| 17:20 | Build | Palisade Wall |
| 17:36 | Create | Spearman |
| 17:37 | Create | Spearman |
| 17:57 | Create | Villager (Male) |
| 18:07 | Age | Castle Age |
| 18:12 | Create | Villager (Male) |
| 18:19 | Build | Town Center |
| 18:37 | Create | Villager (Male) |
| 18:52 | Research | Heavy Plow |
| 18:57 | Create | Villager (Male) |
| 18:59 | Build | Farm |
| 19:19 | Create | Villager (Male) |
| 19:24 | Build | Farm |
| 19:26 | Build | Farm |
| 19:33 | Build | Farm |
| 19:46 | Build | Farm |
| 19:52 | Build | Farm |
| 19:53 | Create | Villager (Male) |
| 19:58 | Build | Farm |
| 20:00 | Create | Villager (Male) |
| 20:23 | Build | Castle |
| 20:28 | Research | Gold Mining |
| 20:35 | Build | Farm |
| 20:38 | Create | Villager (Male) |
| 20:54 | Build | Lumber Camp |
| 20:57 | Create | Villager (Male) |
| 20:57 | Create | Villager (Male) |
| 21:18 | Create | Villager (Male) |
| 21:19 | Create | Villager (Male) |
| 21:48 | Research | Stone Mining |
| 21:49 | Create | Villager (Male) |
| 21:57 | Create | Villager (Male) |
| 21:57 | Create | Villager (Male) |
| 22:13 | Create | Villager (Male) |
| 22:17 | Create | Villager (Male) |
| 22:28 | Create | Villager (Male) |
| 22:31 | Create | Villager (Male) |
| 22:43 | Build | Town Center |
| 22:47 | Create | Villager (Male) |
| 22:54 | Build | Farm |
| 22:55 | Create | Villager (Male) |
| 23:17 | Build | Farm |
| 23:19 | Create | Villager (Male) |
| 23:21 | Create | Villager (Male) |
| 23:22 | Create | Villager (Male) |
| 23:36 | Research | Bow Saw |
| 23:36 | Research | Bow Saw |
| 23:39 | Build | Farm |
| 23:41 | Create | Villager (Male) |
| 23:58 | Build | Farm |
| 24:02 | Build | Farm |
| 24:03 | Create | Villager (Male) |
| 24:08 | Build | Farm |
| 24:11 | Create | Villager (Male) |
| 24:12 | Create | Villager (Male) |
| 24:16 | Create | Villager (Male) |
| 24:32 | Create | Villager (Male) |
| 24:35 | Build | Farm |
| 24:36 | Create | Villager (Male) |
| 24:46 | Create | Villager (Male) |
| 24:59 | Build | House |
| 24:59 | Build | House |
| 24:59 | Build | House |
| 24:59 | Build | House |
Build order — JJboom
First 150 of 530 actions detected
| 0:02 | Create | Villager (Male) |
| 0:02 | Create | Villager (Male) |
| 0:03 | Create | Villager (Male) |
| 0:03 | Create | Villager (Male) |
| 0:05 | Build | House |
| 0:09 | Build | House |
| 1:47 | Create | Villager (Male) |
| 2:07 | Create | Villager (Male) |
| 2:07 | Create | Villager (Male) |
| 2:28 | Create | Villager (Male) |
| 2:56 | Create | Villager (Male) |
| 3:17 | Build | House |
| 3:18 | Build | House |
| 3:20 | Create | Villager (Male) |
| 3:20 | Create | Villager (Male) |
| 3:56 | Create | Villager (Male) |
| 3:56 | Create | Villager (Male) |
| 3:56 | Create | Villager (Male) |
| 4:42 | Create | Villager (Male) |
| 4:50 | Build | Lumber Camp |
| 5:05 | Create | Villager (Male) |
| 5:05 | Create | Villager (Male) |
| 5:05 | Create | Villager (Male) |
| 5:13 | Build | Mill |
| 6:06 | Create | Villager (Male) |
| 6:06 | Create | Villager (Male) |
| 6:06 | Create | Villager (Male) |
| 6:40 | Create | Villager (Male) |
| 6:41 | Create | Villager (Male) |
| 7:59 | Build | Barracks |
| 8:13 | Create | Villager (Male) |
| 8:41 | Research | Feudal Age |
| 8:45 | Build | Mining Camp |
| 8:52 | Build | Palisade Wall |
| 10:20 | Research | Loom |
| 10:51 | Age | Feudal Age |
| 10:52 | Create | Villager (Male) |
| 10:52 | Create | Villager (Male) |
| 10:53 | Create | Villager (Male) |
| 11:04 | Build | Stable |
| 11:06 | Create | Spearman |
| 11:06 | Create | Spearman |
| 11:18 | Build | Palisade Wall |
| 12:06 | Create | Spearman |
| 12:07 | Create | Scout Cavalry |
| 12:08 | Create | Scout Cavalry |
| 12:09 | Create | Villager (Male) |
| 12:09 | Create | Villager (Male) |
| 12:27 | Create | Spearman |
| 13:00 | Create | Villager (Male) |
| 13:00 | Create | Villager (Male) |
| 13:06 | Research | Horse Collar |
| 13:08 | Create | Villager (Male) |
| 13:35 | Build | Mining Camp |
| 13:36 | Create | Villager (Male) |
| 13:41 | Create | Scout Cavalry |
| 13:53 | Build | Farm |
| 13:54 | Build | Farm |
| 13:56 | Build | Farm |
| 13:57 | Build | Farm |
| 13:59 | Build | Farm |
| 14:00 | Create | Villager (Male) |
| 14:22 | Create | Scout Cavalry |
| 14:22 | Create | Scout Cavalry |
| 15:00 | Build | Watch Tower |
| 15:03 | Create | Scout Cavalry |
| 15:21 | Build | Watch Tower |
| 15:33 | Create | Villager (Male) |
| 15:34 | Create | Villager (Male) |
| 15:42 | Build | Farm |
| 15:54 | Build | Farm |
| 15:55 | Build | Farm |
| 15:59 | Build | Farm |
| 16:01 | Build | Farm |
| 16:03 | Create | Scout Cavalry |
| 16:03 | Create | Scout Cavalry |
| 16:18 | Build | House |
| 16:20 | Build | House |
| 16:22 | Build | House |
| 16:27 | Create | Villager (Male) |
| 16:27 | Create | Villager (Male) |
| 16:35 | Build | Farm |
| 16:53 | Create | Villager (Male) |
| 16:53 | Create | Villager (Male) |
| 16:59 | Build | Farm |
| 17:12 | Create | Villager (Male) |
| 17:39 | Research | Bloodlines |
| 17:51 | Build | House |
| 17:52 | Build | House |
| 17:53 | Build | House |
| 18:09 | Create | Villager (Male) |
| 18:09 | Create | Villager (Male) |
| 18:59 | Create | Villager (Male) |
| 18:59 | Create | Villager (Male) |
| 19:16 | Build | Mill |
| 19:18 | Build | Farm |
| 19:19 | Build | Farm |
| 19:20 | Build | Farm |
| 19:21 | Build | Farm |
| 19:22 | Build | Farm |
| 19:23 | Build | Farm |
| 19:32 | Create | Villager (Male) |
| 19:39 | Build | Palisade Wall |
| 20:05 | Build | House |
| 20:06 | Build | House |
| 20:07 | Build | House |
| 20:09 | Create | Villager (Male) |
| 20:09 | Create | Villager (Male) |
| 20:36 | Build | House |
| 20:37 | Build | House |
| 20:38 | Build | House |
| 20:39 | Build | House |
| 20:41 | Build | Palisade Wall |
| 20:58 | Create | Villager (Male) |
| 21:06 | Build | Blacksmith |
| 21:12 | Build | Stone Wall |
| 21:25 | Create | Villager (Male) |
| 21:55 | Research | Castle Age |
| 22:28 | Create | Scout Cavalry |
| 22:28 | Create | Scout Cavalry |
| 22:29 | Create | Scout Cavalry |
| 23:38 | Create | Scout Cavalry |
| 24:35 | Age | Castle Age |
| 24:41 | Research | Light Cavalry (upgrade) |
| 24:51 | Build | Castle |
| 25:14 | Create | Scout Cavalry |
| 25:14 | Create | Scout Cavalry |
| 25:53 | Research | Scale Barding Armor |
| 26:03 | Build | Farm |
| 26:05 | Build | Farm |
| 26:08 | Build | Farm |
| 26:55 | Create | Villager (Male) |
| 26:55 | Create | Villager (Male) |
| 26:56 | Create | Villager (Male) |
| 27:07 | Create | Boyar |
| 27:20 | Build | Stone Wall |
| 27:25 | Create | Villager (Male) |
| 27:40 | Create | Villager (Male) |
| 27:55 | Create | Villager (Male) |
| 28:05 | Create | Boyar |
| 28:05 | Create | Boyar |
| 28:14 | Build | Siege Workshop |
| 28:29 | Research | Husbandry |
| 28:43 | Create | Mangonel |
| 28:46 | Create | Villager (Male) |
| 28:54 | Build | Farm |
| 28:58 | Create | Boyar |
| 28:58 | Create | Boyar |
| 29:14 | Build | Farm |
| 29:15 | Create | Villager (Male) |
Build order — sam666
First 150 of 495 actions detected
| 0:01 | Create | Villager (Male) |
| 0:01 | Create | Villager (Male) |
| 0:01 | Create | Villager (Male) |
| 0:02 | Create | Villager (Male) |
| 0:02 | Build | House |
| 0:03 | Build | House |
| 0:06 | Create | Villager (Male) |
| 1:22 | Create | Villager (Male) |
| 1:51 | Build | Lumber Camp |
| 2:19 | Create | Villager (Male) |
| 2:19 | Create | Villager (Male) |
| 2:40 | Create | Villager (Male) |
| 3:10 | Create | Villager (Male) |
| 3:19 | Build | House |
| 3:31 | Create | Villager (Male) |
| 3:31 | Create | Villager (Male) |
| 3:53 | Create | Villager (Male) |
| 3:53 | Create | Villager (Male) |
| 4:06 | Build | Mill |
| 4:11 | Create | Villager (Male) |
| 4:11 | Create | Villager (Male) |
| 4:11 | Create | Villager (Male) |
| 4:59 | Create | Villager (Male) |
| 5:08 | Create | Villager (Male) |
| 5:09 | Create | Villager (Male) |
| 5:37 | Research | Loom |
| 6:26 | Research | Feudal Age |
| 7:01 | Build | Barracks |
| 8:13 | Create | Villager (Male) |
| 8:13 | Create | Villager (Male) |
| 8:30 | Age | Feudal Age |
| 8:33 | Build | Stable |
| 8:39 | Research | Double-Bit Axe |
| 8:39 | Research | Double-Bit Axe |
| 8:42 | Research | Horse Collar |
| 9:12 | Build | House |
| 9:19 | Create | Scout Cavalry |
| 9:22 | Create | Villager (Male) |
| 9:27 | Build | Farm |
| 9:29 | Build | Farm |
| 9:47 | Create | Villager (Male) |
| 9:48 | Create | Scout Cavalry |
| 10:03 | Build | Farm |
| 10:06 | Build | Farm |
| 10:08 | Create | Villager (Male) |
| 10:19 | Build | Palisade Wall |
| 10:38 | Create | Villager (Male) |
| 10:57 | Create | Scout Cavalry |
| 10:59 | Create | Villager (Male) |
| 11:03 | Build | Farm |
| 11:07 | Build | Farm |
| 11:18 | Build | Farm |
| 11:28 | Create | Villager (Male) |
| 11:36 | Create | Scout Cavalry |
| 11:40 | Build | Farm |
| 11:54 | Create | Villager (Male) |
| 11:58 | Build | Lumber Camp |
| 12:10 | Build | Palisade Wall |
| 12:14 | Create | Villager (Male) |
| 12:19 | Create | Scout Cavalry |
| 12:35 | Build | Palisade Wall |
| 12:40 | Create | Villager (Male) |
| 12:41 | Build | House |
| 12:44 | Build | Palisade Wall |
| 12:48 | Build | House |
| 12:56 | Create | Villager (Male) |
| 13:02 | Create | Scout Cavalry |
| 13:10 | Build | Blacksmith |
| 13:20 | Build | Farm |
| 13:22 | Build | Farm |
| 13:28 | Create | Villager (Male) |
| 13:41 | Build | Farm |
| 13:42 | Build | Farm |
| 13:48 | Build | Palisade Wall |
| 13:51 | Build | Palisade Gate |
| 13:56 | Create | Villager (Male) |
| 13:58 | Build | Farm |
| 14:29 | Build | Farm |
| 14:31 | Build | Farm |
| 14:36 | Create | Villager (Male) |
| 14:45 | Build | House |
| 14:47 | Build | House |
| 14:59 | Research | Scale Barding Armor |
| 15:01 | Create | Villager (Male) |
| 15:11 | Build | Farm |
| 15:22 | Build | House |
| 15:23 | Build | House |
| 15:25 | Create | Villager (Male) |
| 15:31 | Build | Farm |
| 15:33 | Build | Farm |
| 15:36 | Build | Farm |
| 15:45 | Create | Scout Cavalry |
| 16:22 | Create | Villager (Male) |
| 16:26 | Build | House |
| 16:30 | Create | Scout Cavalry |
| 16:35 | Build | Market |
| 16:42 | Create | Villager (Male) |
| 16:59 | Build | House |
| 17:00 | Build | House |
| 17:01 | Build | House |
| 17:07 | Create | Villager (Male) |
| 17:12 | Build | Palisade Wall |
| 17:31 | Create | Villager (Male) |
| 17:33 | Build | Mining Camp |
| 17:48 | Build | Stable |
| 17:54 | Create | Villager (Male) |
| 18:11 | Build | Farm |
| 18:16 | Build | Farm |
| 18:25 | Create | Villager (Male) |
| 18:32 | Build | House |
| 18:33 | Build | House |
| 18:47 | Build | Stable |
| 18:54 | Create | Villager (Male) |
| 18:59 | Build | House |
| 19:00 | Build | House |
| 19:21 | Create | Villager (Male) |
| 19:37 | Research | Castle Age |
| 19:47 | Build | House |
| 19:48 | Build | House |
| 19:49 | Build | House |
| 20:08 | Build | House |
| 20:11 | Build | House |
| 20:16 | Build | Palisade Wall |
| 20:36 | Research | Bloodlines |
| 20:37 | Research | Forging |
| 21:00 | Build | Palisade Wall |
| 21:55 | Build | Palisade Wall |
| 22:05 | Research | Gold Mining |
| 22:09 | Age | Castle Age |
| 22:16 | Build | Farm |
| 22:17 | Research | Husbandry |
| 22:21 | Create | Knight |
| 22:21 | Create | Knight |
| 22:21 | Create | Knight |
| 22:23 | Create | Knight |
| 22:29 | Build | Town Center |
| 22:32 | Create | Villager (Male) |
| 22:36 | Research | Bow Saw |
| 22:42 | Build | House |
| 22:44 | Build | House |
| 22:56 | Create | Knight |
| 22:58 | Create | Villager (Male) |
| 23:20 | Create | Knight |
| 23:20 | Create | Knight |
| 23:22 | Create | Villager (Male) |
| 23:38 | Create | Knight |
| 23:41 | Create | Villager (Male) |
| 23:50 | Create | Villager (Male) |
| 23:50 | Create | Villager (Male) |
| 23:55 | Create | Villager (Male) |
Build order — QvQ5681
First 150 of 502 actions detected
| 0:00 | Create | Villager (Male) |
| 0:01 | Create | Villager (Male) |
| 0:02 | Build | House |
| 0:03 | Build | House |
| 0:06 | Create | Villager (Male) |
| 0:08 | Create | Villager (Male) |
| 0:08 | Create | Villager (Male) |
| 1:31 | Create | Villager (Male) |
| 2:01 | Create | Villager (Male) |
| 2:02 | Create | Villager (Male) |
| 2:02 | Create | Villager (Male) |
| 2:46 | Create | Villager (Male) |
| 3:15 | Create | Villager (Male) |
| 3:15 | Create | Villager (Male) |
| 3:15 | Create | Villager (Male) |
| 3:18 | Build | Lumber Camp |
| 3:25 | Build | House |
| 4:04 | Create | Villager (Male) |
| 4:33 | Create | Villager (Male) |
| 4:51 | Create | Villager (Male) |
| 4:51 | Create | Villager (Male) |
| 4:51 | Create | Villager (Male) |
| 5:19 | Build | Mill |
| 6:13 | Research | Loom |
| 6:14 | Research | Loom |
| 6:37 | Research | Feudal Age |
| 6:37 | Research | Feudal Age |
| 7:15 | Build | House |
| 8:04 | Build | House |
| 8:16 | Create | Villager (Male) |
| 8:16 | Create | Villager (Male) |
| 8:32 | Build | Farm |
| 8:57 | Build | Stable |
| 9:04 | Build | Stable |
| 9:19 | Create | Villager (Male) |
| 9:48 | Create | Scout Cavalry |
| 9:49 | Create | Scout Cavalry |
| 10:06 | Research | Double-Bit Axe |
| 10:06 | Research | Double-Bit Axe |
| 10:07 | Create | Villager (Male) |
| 10:07 | Create | Villager (Male) |
| 10:14 | Build | Farm |
| 10:33 | Create | Scout Cavalry |
| 10:37 | Build | Farm |
| 10:51 | Build | Farm |
| 10:53 | Build | Farm |
| 10:59 | Create | Villager (Male) |
| 10:59 | Create | Villager (Male) |
| 11:24 | Build | Farm |
| 11:26 | Build | Farm |
| 11:28 | Build | Farm |
| 11:29 | Create | Villager (Male) |
| 11:29 | Create | Villager (Male) |
| 11:41 | Build | Farm |
| 12:03 | Create | Scout Cavalry |
| 12:03 | Create | Scout Cavalry |
| 12:07 | Build | Farm |
| 12:09 | Build | Farm |
| 12:11 | Build | House |
| 12:12 | Create | Villager (Male) |
| 12:34 | Create | Villager (Male) |
| 12:36 | Build | Farm |
| 12:43 | Create | Scout Cavalry |
| 12:45 | Build | House |
| 12:57 | Create | Scout Cavalry |
| 13:00 | Build | Farm |
| 13:21 | Create | Scout Cavalry |
| 13:39 | Create | Scout Cavalry |
| 13:40 | Create | Villager (Male) |
| 13:48 | Build | House |
| 13:50 | Create | Scout Cavalry |
| 13:50 | Create | Scout Cavalry |
| 13:55 | Build | Palisade Wall |
| 13:57 | Build | Palisade Gate |
| 14:00 | Create | Villager (Male) |
| 14:04 | Build | Farm |
| 14:05 | Build | Farm |
| 14:11 | Create | Scout Cavalry |
| 14:32 | Create | Scout Cavalry |
| 14:35 | Create | Villager (Male) |
| 14:38 | Build | Farm |
| 14:57 | Create | Scout Cavalry |
| 14:57 | Create | Scout Cavalry |
| 15:00 | Create | Villager (Male) |
| 15:00 | Create | Villager (Male) |
| 15:07 | Build | House |
| 15:18 | Create | Scout Cavalry |
| 15:18 | Create | Scout Cavalry |
| 15:21 | Create | Villager (Male) |
| 15:33 | Create | Scout Cavalry |
| 15:33 | Create | Scout Cavalry |
| 15:36 | Build | Farm |
| 15:41 | Build | Mining Camp |
| 15:44 | Create | Villager (Male) |
| 15:46 | Create | Scout Cavalry |
| 15:52 | Build | House |
| 15:54 | Build | House |
| 16:01 | Create | Scout Cavalry |
| 16:28 | Create | Villager (Male) |
| 16:35 | Create | Scout Cavalry |
| 16:35 | Create | Scout Cavalry |
| 16:39 | Build | Lumber Camp |
| 16:53 | Create | Villager (Male) |
| 16:58 | Create | Scout Cavalry |
| 16:58 | Create | Scout Cavalry |
| 17:08 | Create | Scout Cavalry |
| 17:20 | Build | Blacksmith |
| 17:23 | Create | Villager (Male) |
| 17:44 | Create | Scout Cavalry |
| 17:44 | Create | Scout Cavalry |
| 18:01 | Create | Villager (Male) |
| 18:04 | Build | House |
| 18:09 | Research | Scale Barding Armor |
| 18:22 | Build | House |
| 18:24 | Build | Palisade Wall |
| 18:30 | Build | House |
| 18:39 | Build | House |
| 18:40 | Build | House |
| 18:47 | Create | Scout Cavalry |
| 18:47 | Create | Scout Cavalry |
| 18:59 | Create | Villager (Male) |
| 19:07 | Build | House |
| 19:13 | Build | House |
| 19:19 | Build | House |
| 19:21 | Build | House |
| 19:22 | Build | House |
| 19:24 | Build | House |
| 19:37 | Build | Palisade Wall |
| 19:51 | Create | Scout Cavalry |
| 20:20 | Create | Scout Cavalry |
| 20:20 | Create | Scout Cavalry |
| 20:27 | Build | Farm |
| 20:28 | Create | Villager (Male) |
| 20:28 | Create | Villager (Male) |
| 20:52 | Build | Farm |
| 20:53 | Create | Villager (Male) |
| 20:54 | Create | Villager (Male) |
| 20:54 | Create | Villager (Male) |
| 21:17 | Create | Scout Cavalry |
| 21:18 | Create | Scout Cavalry |
| 21:24 | Build | House |
| 21:27 | Create | Villager (Male) |
| 21:39 | Create | Villager (Male) |
| 21:39 | Create | Villager (Male) |
| 22:46 | Create | Villager (Male) |
| 22:46 | Create | Villager (Male) |
| 22:47 | Create | Scout Cavalry |
| 22:47 | Create | Scout Cavalry |
| 23:05 | Build | Farm |
| 23:14 | Build | House |
Build order — Elite Noob
First 150 of 505 actions detected
| 0:01 | Create | Villager (Male) |
| 0:01 | Create | Villager (Male) |
| 0:02 | Create | Villager (Male) |
| 0:03 | Build | House |
| 0:04 | Build | House |
| 0:13 | Create | Villager (Male) |
| 0:14 | Create | Villager (Male) |
| 1:31 | Create | Villager (Male) |
| 1:31 | Create | Villager (Male) |
| 1:56 | Create | Villager (Male) |
| 1:57 | Create | Villager (Male) |
| 2:09 | Build | Lumber Camp |
| 2:21 | Create | Villager (Male) |
| 2:21 | Create | Villager (Male) |
| 2:55 | Create | Villager (Male) |
| 2:55 | Create | Villager (Male) |
| 2:55 | Create | Villager (Male) |
| 3:04 | Build | House |
| 3:06 | Build | House |
| 3:44 | Create | Villager (Male) |
| 3:44 | Create | Villager (Male) |
| 3:47 | Create | Villager (Male) |
| 3:47 | Create | Villager (Male) |
| 4:47 | Build | Mill |
| 5:00 | Create | Villager (Male) |
| 5:00 | Create | Villager (Male) |
| 5:00 | Create | Villager (Male) |
| 5:00 | Create | Villager (Male) |
| 5:01 | Create | Villager (Male) |
| 5:01 | Create | Villager (Male) |
| 5:44 | Build | House |
| 6:44 | Research | Feudal Age |
| 7:40 | Build | House |
| 8:11 | Build | Barracks |
| 8:58 | Create | Villager (Male) |
| 8:59 | Create | Villager (Male) |
| 9:12 | Build | Farm |
| 9:15 | Build | Farm |
| 9:16 | Age | Feudal Age |
| 9:20 | Build | Stable |
| 9:43 | Research | Double-Bit Axe |
| 9:43 | Research | Double-Bit Axe |
| 10:04 | Create | Villager (Male) |
| 10:11 | Build | Farm |
| 10:16 | Build | House |
| 10:19 | Create | Scout Cavalry |
| 10:19 | Create | Scout Cavalry |
| 10:20 | Create | Villager (Male) |
| 10:23 | Build | Farm |
| 10:50 | Create | Villager (Male) |
| 10:52 | Build | Farm |
| 11:03 | Build | Farm |
| 11:16 | Build | House |
| 11:23 | Create | Scout Cavalry |
| 11:24 | Create | Villager (Male) |
| 11:26 | Create | Scout Cavalry |
| 11:29 | Build | Farm |
| 11:48 | Create | Villager (Male) |
| 11:53 | Build | Farm |
| 12:06 | Create | Scout Cavalry |
| 12:08 | Create | Villager (Male) |
| 12:32 | Create | Villager (Male) |
| 12:33 | Create | Scout Cavalry |
| 12:55 | Create | Villager (Male) |
| 12:56 | Create | Scout Cavalry |
| 12:59 | Build | Blacksmith |
| 13:41 | Create | Villager (Male) |
| 13:43 | Create | Scout Cavalry |
| 13:56 | Research | Scale Barding Armor |
| 13:56 | Research | Scale Barding Armor |
| 13:58 | Build | Mining Camp |
| 13:59 | Create | Villager (Male) |
| 14:01 | Create | Scout Cavalry |
| 14:15 | Build | Farm |
| 14:18 | Build | Farm |
| 14:20 | Build | Farm |
| 14:21 | Build | Farm |
| 14:38 | Create | Villager (Male) |
| 14:41 | Create | Scout Cavalry |
| 15:12 | Create | Villager (Male) |
| 15:14 | Research | Bloodlines |
| 15:19 | Research | Forging |
| 15:21 | Build | Farm |
| 15:22 | Build | Farm |
| 15:22 | Build | Farm |
| 15:22 | Build | Farm |
| 15:59 | Build | Watch Tower |
| 16:03 | Create | Villager (Male) |
| 16:03 | Create | Villager (Male) |
| 16:29 | Create | Scout Cavalry |
| 16:29 | Create | Scout Cavalry |
| 16:47 | Build | Farm |
| 16:49 | Create | Villager (Male) |
| 16:53 | Research | Loom |
| 17:08 | Build | Farm |
| 17:15 | Create | Villager (Male) |
| 17:16 | Research | Wheelbarrow |
| 17:31 | Create | Scout Cavalry |
| 17:31 | Create | Scout Cavalry |
| 17:32 | Create | Villager (Male) |
| 18:05 | Create | Scout Cavalry |
| 18:22 | Build | House |
| 18:24 | Build | House |
| 18:47 | Build | Mill |
| 18:48 | Build | Farm |
| 18:48 | Build | Farm |
| 18:49 | Build | Farm |
| 18:50 | Research | Horse Collar |
| 18:51 | Research | Horse Collar |
| 18:55 | Create | Scout Cavalry |
| 19:08 | Create | Villager (Male) |
| 19:14 | Build | House |
| 19:18 | Build | House |
| 19:22 | Build | Palisade Wall |
| 19:26 | Create | Scout Cavalry |
| 19:32 | Build | Farm |
| 19:50 | Build | Farm |
| 19:52 | Create | Villager (Male) |
| 20:07 | Build | Palisade Wall |
| 20:19 | Create | Villager (Male) |
| 20:20 | Create | Villager (Male) |
| 20:29 | Build | Lumber Camp |
| 20:36 | Build | House |
| 20:43 | Create | Scout Cavalry |
| 20:43 | Create | Scout Cavalry |
| 20:56 | Build | Farm |
| 21:04 | Create | Villager (Male) |
| 21:15 | Build | House |
| 21:17 | Build | Palisade Wall |
| 21:24 | Research | Fletching |
| 21:24 | Research | Fletching |
| 21:26 | Create | Villager (Male) |
| 21:29 | Build | Market |
| 21:39 | Create | Scout Cavalry |
| 21:48 | Create | Villager (Male) |
| 21:50 | Build | Farm |
| 22:01 | Research | Town Watch |
| 22:07 | Build | Farm |
| 22:13 | Build | Farm |
| 22:34 | Build | Mining Camp |
| 22:53 | Create | Villager (Male) |
| 22:57 | Build | Farm |
| 23:07 | Build | Farm |
| 23:36 | Research | Castle Age |
| 23:36 | Research | Castle Age |
| 24:24 | Build | Farm |
| 25:25 | Build | Farm |
| 25:25 | Build | Farm |
| 25:25 | Build | Farm |
| 26:16 | Age | Castle Age |
Build order — 83716497273
First 150 of 393 actions detected
| 0:03 | Create | Villager (Male) ×4 |
| 0:05 | Build | House |
| 0:06 | Build | House |
| 1:12 | Create | Villager (Male) |
| 1:56 | Build | Lumber Camp |
| 1:57 | Create | Villager (Male) |
| 2:22 | Create | Villager (Male) |
| 3:00 | Create | Villager (Male) |
| 3:19 | Create | Villager (Male) |
| 3:44 | Create | Villager (Male) |
| 3:44 | Create | Villager (Male) |
| 3:44 | Create | Villager (Male) |
| 3:58 | Build | House |
| 4:34 | Create | Villager (Male) |
| 4:34 | Create | Villager (Male) |
| 4:54 | Build | House |
| 5:36 | Create | Villager (Male) |
| 6:03 | Create | Villager (Male) |
| 6:11 | Build | House |
| 6:31 | Create | Villager (Male) |
| 6:54 | Create | Villager (Male) |
| 6:57 | Build | Mill |
| 7:13 | Create | Villager (Male) |
| 7:48 | Create | Villager (Male) |
| 7:57 | Build | Palisade Wall |
| 8:01 | Create | Villager (Male) |
| 8:06 | Create | Villager (Male) |
| 8:12 | Build | Farm |
| 8:15 | Build | Farm |
| 8:17 | Build | Farm |
| 8:41 | Build | Palisade Wall |
| 8:51 | Build | Palisade Wall |
| 8:53 | Create | Villager (Male) |
| 9:08 | Research | Loom |
| 9:20 | Build | Palisade Wall |
| 9:26 | Research | Feudal Age |
| 10:03 | Build | Palisade Wall |
| 10:21 | Build | Palisade Wall |
| 10:43 | Build | Palisade Wall |
| 11:14 | Build | Palisade Wall |
| 11:36 | Create | Villager (Male) |
| 11:43 | Age | Feudal Age |
| 12:04 | Build | Barracks |
| 12:10 | Create | Villager (Male) |
| 12:16 | Research | Double-Bit Axe |
| 12:18 | Build | House |
| 12:37 | Create | Villager (Male) |
| 13:02 | Create | Spearman |
| 13:03 | Create | Spearman |
| 13:05 | Build | Farm |
| 13:07 | Build | Farm |
| 13:12 | Create | Villager (Male) |
| 13:25 | Build | Farm |
| 13:26 | Create | Villager (Male) |
| 13:30 | Create | Spearman |
| 13:31 | Create | Villager (Male) |
| 13:40 | Build | House |
| 13:41 | Build | House |
| 13:50 | Build | Lumber Camp |
| 13:58 | Build | Farm |
| 14:12 | Build | Farm |
| 14:28 | Create | Spearman |
| 14:32 | Create | Villager (Male) |
| 14:41 | Build | Mining Camp |
| 14:48 | Build | Farm |
| 14:55 | Build | Blacksmith |
| 14:56 | Create | Villager (Male) |
| 15:12 | Create | Villager (Male) |
| 15:16 | Build | Farm |
| 15:29 | Create | Villager (Male) |
| 15:29 | Create | Villager (Male) |
| 15:39 | Build | Farm |
| 15:43 | Build | House |
| 15:44 | Build | House |
| 15:59 | Create | Spearman |
| 15:59 | Create | Spearman |
| 16:03 | Build | Farm |
| 16:30 | Build | Farm |
| 16:35 | Build | Mill |
| 16:36 | Build | Farm |
| 16:36 | Build | Farm |
| 16:36 | Build | Farm |
| 16:37 | Build | Farm |
| 16:39 | Create | Villager (Male) |
| 17:06 | Create | Villager (Male) |
| 17:11 | Build | Farm |
| 17:13 | Build | Farm |
| 17:13 | Build | Farm |
| 17:13 | Build | Farm |
| 17:16 | Create | Villager (Male) |
| 17:38 | Research | Horse Collar |
| 17:47 | Create | Villager (Male) |
| 17:54 | Build | House |
| 18:27 | Create | Villager (Male) |
| 18:30 | Build | Farm |
| 18:48 | Create | Spearman |
| 18:50 | Create | Villager (Male) |
| 18:57 | Create | Villager (Male) |
| 19:11 | Build | Market |
| 19:25 | Build | Farm |
| 19:26 | Create | Villager (Male) |
| 19:48 | Create | Villager (Male) |
| 20:06 | Build | Lumber Camp |
| 20:29 | Research | Castle Age |
| 21:02 | Build | Palisade Wall |
| 21:51 | Research | Scale Mail Armor |
| 21:51 | Research | Forging |
| 22:18 | Build | House |
| 22:21 | Build | House |
| 22:48 | Build | House |
| 23:01 | Create | Villager (Male) |
| 23:07 | Create | Spearman |
| 23:07 | Create | Spearman |
| 23:12 | Age | Castle Age |
| 23:22 | Build | Monastery |
| 23:29 | Research | Heavy Plow |
| 23:33 | Research | Bow Saw |
| 23:37 | Build | Palisade Wall |
| 23:47 | Build | Town Center |
| 23:49 | Create | Villager (Male) |
| 23:58 | Build | House |
| 24:02 | Create | Spearman |
| 24:03 | Create | Spearman |
| 24:09 | Create | Spearman |
| 24:11 | Research | Chain Mail Armor |
| 24:11 | Research | Iron Casting |
| 24:13 | Create | Villager (Male) |
| 24:19 | Create | Villager (Male) |
| 24:30 | Build | Town Center |
| 24:38 | Create | Villager (Male) |
| 24:42 | Create | Villager (Male) |
| 24:52 | Create | Spearman |
| 24:52 | Create | Spearman |
| 24:55 | Create | Villager (Male) |
| 25:00 | Build | Farm |
| 25:04 | Build | Farm |
| 25:05 | Build | Farm |
| 25:05 | Build | Farm |
| 25:05 | Build | Farm |
| 25:18 | Create | Villager (Male) |
| 25:26 | Create | Spearman |
| 25:26 | Create | Spearman |
| 25:27 | Create | Villager (Male) |
| 25:37 | Create | Villager (Male) |
| 25:39 | Create | Monk |
| 25:46 | Create | Villager (Male) |
| 25:50 | Research | Gold Mining |
| 26:05 | Create | Spearman |
| 26:08 | Create | Villager (Male) |
| 26:19 | Build | Stone Wall |
Match timeline
| 7:01 | sam666 · first_building Barracks |
| 7:23 | 橙 · first_building Barracks |
| 7:57 | 83716497273 · wall_segment Palisade Wall x7 |
| 7:59 | JJboom · first_building Barracks |
| 8:04 | 飘雪 · first_building Barracks |
| 8:11 | Elite Noob · first_building Barracks |
| 8:22 | Baby · first_building Barracks |
| 8:30 | sam666 · age_up feudal |
| 8:33 | 橙 · wall_segment Palisade Wall x3 |
| 8:33 | sam666 · first_building Stable |
| 8:34 | 橙 · wall_segment Palisade Wall x9 |
| 8:41 | 83716497273 · wall_segment Palisade Wall x9 |
| 8:51 | 83716497273 · wall_segment Palisade Wall x1 |
| 8:52 | JJboom · wall_segment Palisade Wall x1 |
| 8:57 | QvQ5681 · first_building Stable |
| 9:02 | 飘雪 · age_up feudal |
| 9:06 | 橙 · age_up feudal |
| 9:09 | 橙 · first_building Archery Range |
| 9:16 | Elite Noob · age_up feudal |
| 9:20 | Elite Noob · first_building Stable |
| 9:20 | 83716497273 · wall_segment Palisade Wall x8 |
| 9:59 | Baby · age_up feudal |
| 10:00 | Baby · first_building Stable |
| 10:03 | 83716497273 · wall_segment Palisade Wall x9 |
| 10:19 | sam666 · wall_segment Palisade Wall x12 |
| 10:21 | 83716497273 · wall_segment Palisade Wall x19 |
| 10:43 | 83716497273 · wall_segment Palisade Wall x4 |
| 10:51 | JJboom · age_up feudal |
| 11:04 | JJboom · first_building Stable |
| 11:14 | 83716497273 · wall_segment Palisade Wall x5 |
| 11:18 | JJboom · wall_segment Palisade Wall x1 |
| 11:43 | 83716497273 · age_up feudal |
| 12:04 | 83716497273 · first_building Barracks |
| 12:10 | sam666 · wall_segment Palisade Wall x14 |
| 12:35 | sam666 · wall_segment Palisade Wall x11 |
| 12:44 | sam666 · wall_segment Palisade Wall x4 |
| 13:48 | sam666 · wall_segment Palisade Wall x12 |
| 13:55 | QvQ5681 · wall_segment Palisade Wall x10 |
| 15:09 | 飘雪 · first_market_buy 100 food |
| 15:15 | 飘雪 · first_market_sell 100 wood |
| 16:45 | 飘雪 · wall_segment Palisade Wall x1 |
| 17:09 | 飘雪 · wall_segment Palisade Wall x1 |
| 17:11 | 飘雪 · wall_segment Palisade Wall x1 |
| 17:12 | sam666 · wall_segment Palisade Wall x9 |
| 17:13 | 飘雪 · wall_segment Palisade Wall x1 |
| 17:20 | 飘雪 · wall_segment Palisade Wall x1 |
| 18:07 | 飘雪 · age_up castle |
| 18:24 | QvQ5681 · wall_segment Palisade Wall x1 |
| 19:22 | Elite Noob · wall_segment Palisade Wall x5 |
| 19:36 | sam666 · first_market_sell 100 wood |
| 19:37 | QvQ5681 · wall_segment Palisade Wall x1 |
| 19:39 | JJboom · wall_segment Palisade Wall x2 |
| 20:07 | Elite Noob · wall_segment Palisade Wall x1 |
| 20:16 | sam666 · wall_segment Palisade Wall x3 |
| 20:23 | 飘雪 · first_building Castle |
| 20:35 | 橙 · wall_segment Palisade Wall x15 |
| 20:41 | JJboom · wall_segment Palisade Wall x1 |
| 21:00 | sam666 · wall_segment Palisade Wall x4 |
| 21:02 | 83716497273 · wall_segment Palisade Wall x1 |
| 21:12 | JJboom · wall_segment Stone Wall x4 |
| 21:17 | Elite Noob · wall_segment Palisade Wall x1 |
| 21:55 | sam666 · wall_segment Palisade Wall x2 |
| 22:09 | sam666 · age_up castle |
| 22:27 | Elite Noob · first_market_buy 100 food |
| 22:53 | 橙 · first_market_sell 100 wood |
| 22:53 | 橙 · first_market_buy 100 food |
| 23:12 | 83716497273 · age_up castle |
| 23:19 | QvQ5681 · wall_segment Palisade Wall x1 |
| 23:22 | 83716497273 · first_building Monastery |
| 23:37 | 83716497273 · wall_segment Palisade Wall x1 |
| 23:51 | QvQ5681 · first_building Barracks |
| 23:54 | QvQ5681 · wall_segment Palisade Wall x1 |
| 23:55 | QvQ5681 · wall_segment Palisade Wall x1 |
| 24:29 | Baby · age_up castle |
| 24:35 | JJboom · age_up castle |
| 24:51 | JJboom · first_building Castle |
| 25:06 | Baby · first_building Monastery |
| 25:34 | 橙 · age_up castle |
| 26:16 | Elite Noob · age_up castle |
| 26:19 | 83716497273 · wall_segment Stone Wall x8 |
| 26:25 | 飘雪 · first_building Monastery |
| 26:40 | Elite Noob · first_building Castle |
| 27:20 | JJboom · wall_segment Stone Wall x1 |
| 27:56 | sam666 · first_market_buy 100 stone |
| 28:14 | JJboom · first_building Siege Workshop |
| 28:50 | QvQ5681 · wall_segment Stone Wall x4 |
| 28:55 | 飘雪 · wall_segment Palisade Wall x1 |
| 29:17 | QvQ5681 · wall_segment Stone Wall x3 |
| 29:19 | QvQ5681 · wall_segment Stone Wall x5 |
| 29:23 | QvQ5681 · wall_segment Stone Wall x1 |
| 29:23 | 飘雪 · wall_segment Palisade Wall x1 |
| 29:25 | 飘雪 · wall_segment Palisade Wall x1 |
| 30:23 | QvQ5681 · first_market_buy 100 food |
| 30:41 | 83716497273 · first_building Siege Workshop |
| 31:33 | Baby · first_building Archery Range |
| 32:12 | 83716497273 · first_market_buy 100 food |
| 33:06 | 83716497273 · first_building Castle |
| 33:28 | QvQ5681 · wall_segment Stone Wall x1 |
| 33:35 | QvQ5681 · wall_segment Stone Wall x6 |
| 34:20 | Baby · first_building Castle |
| 34:33 | QvQ5681 · wall_segment Stone Wall x6 |
| 34:35 | QvQ5681 · wall_segment Stone Wall x3 |
| 35:28 | QvQ5681 · wall_segment Stone Wall x9 |
| 35:36 | sam666 · first_building Castle |
| 35:49 | sam666 · first_building Monastery |
| 35:49 | QvQ5681 · wall_segment Stone Wall x3 |
| 36:02 | 飘雪 · age_up imperial |
| 36:09 | Elite Noob · first_building Monastery |
| 36:13 | QvQ5681 · wall_segment Stone Wall x1 |
| 36:47 | 83716497273 · age_up imperial |
| 38:19 | 橙 · tribute_sent a jugador 1 |
| 38:19 | 橙 · tribute_sent a jugador 2 |
| 38:19 | 橙 · tribute_sent a jugador 3 |
| 38:19 | 橙 · tribute_sent a jugador 5 |
| 38:19 | 橙 · tribute_sent a jugador 6 |
| 38:19 | 橙 · tribute_sent a jugador 7 |
| 38:19 | 橙 · tribute_sent a jugador 8 |
| 39:03 | Baby · age_up imperial |
| 41:26 | Elite Noob · age_up imperial |
| 43:06 | 橙 · tribute_sent a jugador 1 |
| 43:06 | 橙 · tribute_sent a jugador 2 |
| 43:06 | 橙 · tribute_sent a jugador 3 |
| 43:06 | 橙 · tribute_sent a jugador 5 |
| 43:06 | 橙 · tribute_sent a jugador 6 |
| 43:06 | 橙 · tribute_sent a jugador 7 |
| 43:06 | 橙 · tribute_sent a jugador 8 |
| 44:31 | QvQ5681 · wall_segment Stone Wall x1 |
| 44:34 | QvQ5681 · wall_segment Stone Wall x1 |
| 44:35 | QvQ5681 · wall_segment Stone Wall x1 |
| 44:37 | QvQ5681 · wall_segment Stone Wall x1 |
| 44:40 | QvQ5681 · wall_segment Stone Wall x1 |
| 44:41 | QvQ5681 · wall_segment Stone Wall x1 |
| 44:51 | QvQ5681 · wall_segment Stone Wall x9 |
| 45:22 | 83716497273 · tribute_sent a jugador 1 |
| 45:22 | 83716497273 · tribute_sent a jugador 2 |
| 45:22 | 83716497273 · tribute_sent a jugador 3 |
| 45:22 | 83716497273 · tribute_sent a jugador 4 |
| 45:22 | 83716497273 · tribute_sent a jugador 5 |
| 45:22 | 83716497273 · tribute_sent a jugador 6 |
| 45:22 | 83716497273 · tribute_sent a jugador 7 |
| 45:26 | QvQ5681 · wall_segment Stone Wall x2 |
| 45:58 | JJboom · age_up imperial |
| 47:45 | Elite Noob · tribute_sent a jugador 1 |
| 47:45 | Elite Noob · tribute_sent a jugador 2 |
| 47:45 | Elite Noob · tribute_sent a jugador 3 |
| 47:45 | Elite Noob · tribute_sent a jugador 4 |
| 47:45 | Elite Noob · tribute_sent a jugador 5 |
| 47:45 | Elite Noob · tribute_sent a jugador 6 |
| 47:45 | Elite Noob · tribute_sent a jugador 8 |
| 48:29 | Elite Noob · wall_segment Palisade Wall x1 |
| 48:31 | Elite Noob · wall_segment Palisade Wall x1 |
| 48:31 | QvQ5681 · wall_segment Stone Wall x3 |
| 48:36 | Elite Noob · wall_segment Palisade Wall x1 |
| 48:37 | Elite Noob · wall_segment Palisade Wall x1 |
| 48:43 | 飘雪 · first_building Siege Workshop |
| 48:46 | QvQ5681 · wall_segment Stone Wall x1 |
| 49:48 | sam666 · resign |
| 50:12 | Elite Noob · tribute_sent a jugador 1 |
| 50:12 | Elite Noob · tribute_sent a jugador 2 |
| 50:12 | Elite Noob · tribute_sent a jugador 3 |
| 50:12 | Elite Noob · tribute_sent a jugador 4 |
| 50:12 | Elite Noob · tribute_sent a jugador 5 |
| 50:12 | Elite Noob · tribute_sent a jugador 6 |
| 50:12 | Elite Noob · tribute_sent a jugador 8 |
| 50:31 | Elite Noob · first_building Siege Workshop |
| 51:38 | JJboom · wall_segment Stone Wall x1 |
| 52:14 | QvQ5681 · first_building Castle |
| 52:32 | Elite Noob · first_market_sell 500 food |
| 53:14 | 橙 · first_building Castle |
| 53:18 | QvQ5681 · wall_segment Stone Wall x1 |
| 53:54 | QvQ5681 · wall_segment Stone Wall x1 |
| 53:56 | QvQ5681 · wall_segment Stone Wall x1 |
| 54:21 | QvQ5681 · first_building Archery Range |
[ AI ANALYSIS · 1 CREDIT ]
What really happened in this match?
Wolo.gg analyzes every decision: build order, eco, micro, common mistakes by bracket. Personalized analysis on WhatsApp or Discord in 30 seconds.
Civ guide
Britons
Perfil
Jugador #9500827